 Dungeon Crawl Stone Soup version 0.29.1-15-g9cfb28693d (webtiles) character file.

Game seed: 3955511223627837295

1 bigBoy the Caller (level 1, 0/10 HPs)
             Began as a Deep Elf Summoner on Dec 19, 2023.
             Frozen to death by an endoplasm (4 damage)
             ... on level 1 of the Dungeon.
             The game lasted 00:01:00 (63 turns).

bigBoy the Caller (Deep Elf Summoner)                 Turns: 63, Time: 00:01:04

Health: 0/10       AC:  2    Str:  5    XL:     1   Next: 16%
Magic:  5/6        EV: 12    Int: 19    God:
Gold:   0          SH:  0    Dex: 15    Spells: 5/6 levels left

rFire   . . .      SeeInvis .   (no weapon)
rCold   . . .      Faith    .   (no shield)
rNeg    . . .      Spirit   .   a - +0 robe
rPois   .          Reflect  .   (no helmet)
rElec   .          Harm     .   (no cloak)
rCorr   .          Rampage  .   (no gloves)
Will    .....                   (no boots)
Stlth   ++........              (no amulet)
HPRegen 0.03/turn               (no ring)
MPRegen 0.10/turn               (no ring)

@: no status effects
A: no striking features
a: no special abilities


You were on level 1 of the Dungeon.
You visited 1 branch of the dungeon, and saw 1 of its levels.

Inventory:

Armour
 a - a +0 robe (worn)
Scrolls
 c - a scroll of identify {unknown}
Potions
 b - a potion of magic


   Skills:
 + Level 2.4 Dodging
 + Level 2.4 Stealth
 + Level 3.0 Spellcasting
 + Level 4.4 Summonings


You had 5 spell levels left.
You knew the following spells:

 Your Spells              Type           Power      Damage    Failure   Level
a - Summon Small Mammal   Summ           76%        N/A       2%          1

Your spell library contained the following spells:

 Spells                   Type           Power      Damage    Failure   Level
 Call Imp                 Summ           19%        N/A       3%          2
 Call Canine Familiar     Summ           19%        N/A       8%          3
 Summon Guardian Golem    Hex/Summ       11%        N/A       19%         3
 Summon Lightning Spire   Summ/Air       11%        N/A       52%         4


Dungeon Overview and Level Annotations

Branches:
Dungeon (1/15)

Altars:


Message History

The hobgoblin barely misses your quokka.
Your quokka bites the hobgoblin but does no damage.
The hobgoblin completely misses your quokka.
Your quokka bites the hobgoblin.
The hobgoblin hits your quokka.
Your quokka bites the hobgoblin.
Your quokka barely misses the hobgoblin.
The hobgoblin barely misses your quokka.
Your quokka closely misses the hobgoblin.
The hobgoblin hits your quokka.
Your quokka misses the hobgoblin. The hobgoblin misses your quokka.
Your quokka bites the hobgoblin but does no damage.
The hobgoblin closely misses your quokka.
Your quokka bites the hobgoblin.
The hobgoblin dies!
c - a scroll labelled BEICITZ YNAI An endoplasm comes into view.
An endoplasm is nearby!
An endoplasm is nearby!
The endoplasm quivers.
A goblin comes into view. It is wielding a +0 dagger.
Found a cloak.
Your quokka disappears in a puff of smoke!
Found a scroll labelled RUNTUI LAKAUNK.
The goblin shouts!
Casting: Summon Small Mammal (safe; 2% risk of failure)
Confirm with . or Enter, or press ? or * to list all spells.
The endoplasm hits you.
Your quokka bites the endoplasm.
The endoplasm freezes you.
You are frozen.
Your quokka barely misses the endoplasm.
The endoplasm closely misses you.
The goblin hits your quokka with a +0 dagger.
You hit the endoplasm but do no damage.
The endoplasm is lightly wounded.
Your quokka bites the endoplasm.
The goblin hits your quokka but does no damage.
The endoplasm freezes you.
You are frozen.
You die...

.[.......#
..........
.........##
..........
.........#
.........# #.#
.#########g##.#
.......@Jr...#
#######...##### #
.P♣♣. #...#PPP♣.P
♣P.P♣#...#PPPP♣
.P♣PP#...#PPP.♣P
.PP♣P#...#.♣PP.P
♣PPPPP#...#P♣P♣.P


PPPPPP#...#PPPPP♣ P♣PPP.#...#P.♣.♣♣ You could see an endoplasm (ally target), a
goblin and a friendly quokka (summoned).

Vanquished Creatures (collateral kills)
  A hobgoblin (D:1)
1 creature vanquished.

Notes
Turn   | Place    | Note
-------+----------+-------------------------------------------
     0 | D:1      | bigBoy the Deep Elf Summoner began the quest for the Orb.
     0 | D:1      | Reached XP level 1. HP: 10/10 MP: 6/6
    63 | D:1      | Frozen to death by an endoplasm

Illustrated notes

Levels and vault maps discovered:
D:1:      minmay_arrival_arboretum_large, layout_basic, minmay_misc_feat_roman

Action                   || total
-------------------------++-------
Melee: Unarmed           ||     1
 Cast: Summon Small Mamm ||     2
Dodge: Dodged            ||     1
